 Dungeon Crawl Stone Soup version 0.28.0-43-g3370ac3207 (webtiles) character file.

Game seed: 6072662848825840427

123 Ekaitz the Firebug (level 4, 0/32 HPs)
             Began as a Demonspawn Fire Elementalist on Mar 6, 2022.
             Slain by an iguana (7 damage)
             ... on level 4 of the Dungeon.
             The game lasted 00:05:33 (2531 turns).

Ekaitz the Firebug (Demonspawn Fire Elementalist)   Turns: 2531, Time: 00:05:34

Health: 0/32       AC:  3    Str: 11    XL:     4   Next: 80%
Magic:  3/8        EV: 12    Int: 16    God:
Gold:   95         SH:  0    Dex: 13    Spells: 2/8 levels left

rFire   . . .      SeeInvis .   g - +0 trident
rCold   . . .      Faith    .   (no shield)
rNeg    . . .      Spirit   .   a - +0 robe
rPois   .          Reflect  .   (no helmet)
rElec   .          Harm     .   (no cloak)
rCorr   .          Rampage  .   (no gloves)
Will    .....                   (no boots)
Stlth   ++........              (no amulet)
HPRegen 0.10/turn               (no ring)
MPRegen 0.11/turn               (no ring)

@: mighty
A: rugged brown scales 1, powered by pain 1, weakness stinger 1
a: no special abilities


You were on level 4 of the Dungeon.
You visited 1 branch of the dungeon, and saw 5 of its levels.

You collected 95 gold pieces.

Inventory:

Hand Weapons
 b - a +0 club
 g - a +0 trident (weapon)
 j - a +0 hunting sling
Missiles
 e - 43 bolts
 h - 20 arrows
 i - 47 stones
 l - 4 silver boomerangs
 p - 6 poisoned darts
Armour
 a - a +0 robe (worn)
 o - the +0 ring mail of Proximity {Str+2}
   (You found it on level 2 of the Dungeon)

   Str:       It affects your strength (+2).
Scrolls
 c - a scroll of identify {unknown}
 f - a scroll of teleportation {unknown}
 k - a scroll of immolation {unknown}
 m - a scroll of noise {unknown}
Potions
 d - 3 potions of heal wounds {unknown}
 n - a potion of mutation {unknown}


   Skills:
 * Level 1.2 Fighting
 + Level 0.6 Polearms
 * Level 2.2 Dodging
 + Level 2.1 Stealth
 + Level 2.6 Spellcasting
 * Level 2.1 Conjurations
 * Level 0.6 Hexes
 + Level 3.3 Fire Magic


You had 2 spell levels left.
You knew the following spells:

 Your Spells              Type           Power      Damage    Failure   Level
a - Foxfire               Conj/Fire      40%        2x1d6     6%          1
b - Scorch                Fire           24%        2d6       8%          2
c - Inner Flame           Hex/Fire       8%         N/A       26%         3

Your spell library contained the following spells:

 Spells                   Type           Power      Damage    Failure   Level
 Conjure Flame            Conj/Fire      10%        6-21      19%         3
 Flame Wave               Conj/Fire      10%        2d5       54%         4


Dungeon Overview and Level Annotations

Branches:
Dungeon (5/15)
 Temple: D:4-7

Altars:

Shops:
D:2 [


Innate Abilities, Weirdness & Mutations

You are partially covered in rugged brown scales. (AC +1, +3% HP)
You sometimes gain a little power by taking damage.
You have a small tail.


Message History

Found a hand axe.
You miscast Foxfire.
You are very lightly contaminated with residual magic.
Nothing appears to happen.
You conjure some foxfire!
The jelly hits you.
You are splashed with acid!
Casting: Foxfire (safe; 7% risk of failure)
Confirm with . or Enter, or press ? or * to list all spells.
You miscast Scorch.
Nothing appears to happen.
The foxfire hits the jelly.
The jelly is moderately wounded.
The foxfire hits the jelly.
The jelly is severely wounded.
The jelly barely misses you.
You miscast Foxfire.
Nothing appears to happen.
The jelly hits you.
You are splashed with acid!
* * * LOW HITPOINT WARNING * * *
You focus on the pain.
You feel very mighty all of a sudden.
Casting: Foxfire (safe; 7% risk of failure)
Confirm with . or Enter, or press ? or * to list all spells.
You conjure some foxfire!
The jelly hits you but does no damage.
The foxfire hits the jelly.
The jelly is severely wounded.
The foxfire hits the jelly.
You kill the jelly!
Unknown command.
Found an emerald potion.
A hound and an iguana come into view.
The hound barks!
The iguana hisses angrily.
The hound pauses to sniff the ground.
The hound stops to sniff the ground.
Your magical contamination has completely faded away.
The hound closely misses you.
There is a stone staircase leading down here.
The hound bites you but does no damage. The hound barely misses you.
You climb downwards.
There is a stone staircase leading up here.
Unknown command.
The hound misses you.
You climb upwards.
The iguana bites you!
You die...

...... ######## ......
#......#######......
#...)...............
#...).............!.
#......#...................
#......#.............######
#......#...l.........#
#......#..@..........#
#......#...h.........#
#......#.............#
#......#.............# #...
#......#.............#
#....#......#.............#
#....#......#.............#
#....##.....#.............#
#....##.....#.............#


You could see an iguana and a hound.

Vanquished Creatures
  A jelly (D:4)
  4 adders (D:2)
  4 worms
  A dart slug (D:2)
  An orc (D:3)
  A ball python (D:3)
  3 endoplasms
  A giant cockroach (D:2)
  5 goblins
  4 hobgoblins
  2 jackals (D:4)
  5 kobolds
  3 quokkas
  4 bats
  2 frilled lizards
  5 rats
46 creatures vanquished.

Vanquished Creatures (others)
  91 foxfires
91 creatures vanquished.

Grand Total: 137 creatures vanquished

Notes
Turn   | Place    | Note
-------+----------+-------------------------------------------
     0 | D:1      | Ekaitz the Demonspawn Fire Elementalist began the quest for
                  | the Orb.
     0 | D:1      | Reached XP level 1. HP: 13/13 MP: 3/3
   232 | D:1      | Found a faded altar of an unknown god.
   236 | D:1      | Reached skill level 3 in Fire Magic
   236 | D:1      | Gained mutation: You are partially covered in rugged brown
                  | scales. (AC +1, +3% HP) [demonic ancestry]
   236 | D:1      | Reached XP level 2. HP: 7/19 MP: 1/5
   239 | D:1      | Learned a level 2 spell: Scorch
  1288 | D:2      | Found Urghezere's Armour Boutique.
  1381 | D:2      | Gained mutation: You have a small tail. [demonic ancestry]
  1381 | D:2      | Reached XP level 3. HP: 23/25 MP: 2/6
  1885 | D:2      | Gained mutation: You sometimes gain a little power by
                  | taking damage. [demonic ancestry]
  1885 | D:2      | Reached XP level 4. HP: 28/31 MP: 7/7
  1889 | D:2      | Learned a level 3 spell: Inner Flame
  1922 | D:2      | Identified the +0 ring mail of Proximity {Str+2}
  2206 | D:3      | Reached skill level 1 in Fighting
  2428 | D:3      | You fall into a shaft and drop 1 floor!
  2467 | D:4      | Noticed a black bear
  2529 | D:5      | Entered Level 5 of the Dungeon
  2529 | D:5      | Noticed an ogre
  2531 | D:4      | Slain by an iguana

Illustrated notes

Levels and vault maps discovered:
D:1:      lightli_arrival_statuegarden, layout_basic,
          ebering_ecumenical_altar_mist
D:2:      layout_basic, serial_shops, nicolae_shop_window_shopping,
          minmay_pentomino_r2
D:3:      layout_basic, gup_sewer_entry_spiral
D:4:      layout_gridville, nrook_campfire, uniq_duvessa
D:5:      layout_basic, nicolae_overflow_quartered_altars, serial_shops,
          nicolae_shop_stone, minmay_statues_item

Skill      XL: |  1  2  3  4 |
---------------+-------------+-----
Fire Magic     | 3 |  3.3
Dodging        | 2 |  2.2
Stealth        | 2 |  2.1
Fighting       | 1 |  1.2
Conjurations   | 2 |  2.1
Polearms       | |  0.6
Spellcasting   | |  2.6
Hexes          | |  0.6

Action                   |  1- 3 |  4- 6 || total
-------------------------+-------+-------++-------
Melee: Trident           |    26 |     2 ||    28
       Tailslap          |     3 |     1 ||     4
       Punch             |       |     1 ||     1
 Cast: Foxfire           |    34 |    18 ||    52
       Scorch            |     5 |     3 ||     8
 Stab: Sleeping          |     8 |       ||     8
Armor: Robe              |     4 |     3 ||     7
Dodge: Dodged            |    20 |     6 ||    26
